 Dungeon Crawl Stone Soup version 0.29.0-11-gd7f09526c8 (webtiles) character file.

Game seed: 9282828141409358785

468 funkygono the Firebug (level 7, -5/38 HPs)
             Began as a Gargoyle Fire Elementalist on Sept 5, 2022.
             Slain by a wight
             ... wielding a +0 halberd
              (10 damage)
             ... on level 4 of the Dungeon.
             The game lasted 00:07:22 (4226 turns).

funkygono the Firebug (Gargoyle Fire Elementalist)  Turns: 4226, Time: 00:07:22

Health: -5/38      AC: 10    Str: 11    XL:     7   Next: 8%
Magic:  1/13       EV: 12    Int: 18    God:
Gold:   43         SH:  0    Dex: 10    Spells: 4/14 levels left

rFire   . . .      SeeInvis .   k - +1 whip (venom)
rCold   . . .      Faith    .   (no shield)
rNeg    + . .      Spirit   .   p - +2 robe {Will+}
rPois   ∞          Reflect  .   (no helmet)
rElec   +          Harm     .   d - scarf {+Inv}
rCorr   .          Rampage  .   c - +0 pair of gloves
Will    +....                   j - +0 pair of boots
Stlth   ++........              (no amulet)
HPRegen 0.12/turn               (no ring)
MPRegen 0.13/turn               (no ring)

@: no status effects
A: sickness immunity, AC +4, negative energy resistance 1, electricity
resistance, torment resistance 1, petrification resistance
a: Evoke Invisibility


You were on level 4 of the Dungeon.
You visited 1 branch of the dungeon, and saw 4 of its levels.

You collected 137 gold pieces.
You spent 94 gold pieces at shops.

Inventory:

Hand Weapons
 k - a +1 whip of venom (weapon)
 o - a +0 whip
Armour
 a - a +0 robe
 c - a +0 pair of gloves (worn)
 d - a scarf of invisibility (worn)
 j - a +0 pair of boots (worn)
 p - a +2 robe of willpower (worn)
Jewellery
 h - an amulet of guardian spirit
 t - a ring of see invisible
Scrolls
 e - a scroll of amnesia
 g - a scroll of identify
 i - 5 scrolls of teleportation
 l - a scroll of magic mapping
Potions
 b - 2 potions of magic
 f - a potion of berserk rage
 m - a potion of might
 n - 2 potions of heal wounds
 q - a potion of lignification {unknown}
 r - 2 potions of ambrosia
 s - 2 potions of curing {unknown}


   Skills:
 + Level 1.2 Fighting
 + Level 1.0 Maces & Flails
 + Level 2.2 Dodging
 + Level 3.2 Stealth
 + Level 4.1 Spellcasting
 + Level 2.9 Conjurations
 + Level 4.9 Fire Magic


You had 4 spell levels left.
You knew the following spells:

 Your Spells              Type           Power      Damage    Failure   Level
a - Foxfire               Conj/Fire      68%        2x1d7     3%          1
b - Scorch                Fire           42%        2d7       3%          2
c - Conjure Flame         Conj/Fire      17%        6-21      9%          3
d - Flame Wave            Conj/Fire      17%        2d7       28%         4

Your spell library contained the following spells:

 Spells                   Type           Power      Damage    Failure   Level
 Inner Flame              Hex/Fire       12%        N/A       16%         3
 Ignite Poison            Fire/Tmut/Pois 9%         N/A       22%         3
 Sticky Flame             Conj/Fire      17%        2d4       28%         4


Dungeon Overview and Level Annotations

Branches:
Dungeon (4/15)
 Temple: D:4-7

Altars:

Shops:
D:1 *


Innate Abilities, Weirdness & Mutations

You are immune to sickness and miasma.
Your stone body is resilient. (AC +4)
You are immune to poison.
You resist negative energy. (rN+)
You are resistant to electric shocks. (rElec)
You are resistant to unholy torment.
You are immune to petrification.


Message History

The foxfire hits the wight.
The wight is moderately damaged.
Your Spellcasting skill increases to level 4!
You have reached level 7!
Casting: Scorch (safe; 3% risk of failure)
Confirm with . or Enter, or press ? or * to list all spells.
You conjure some foxfire!
Your magical contamination has completely faded away.
Casting: Foxfire (safe; 3% risk of failure)
Confirm with . or Enter, or press ? or * to list all spells.
You conjure some foxfire!
The foxfire hits the wight but does no damage.
The wight is lightly damaged.
The foxfire hits the wight but does no damage.
The wight is lightly damaged.
Casting: Foxfire (safe; 3% risk of failure)
Confirm with . or Enter, or press ? or * to list all spells.
You conjure some foxfire!
The foxfire hits the wight.
The wight is moderately damaged.
The foxfire hits the wight.
The wight is heavily damaged.
A wight comes into view. It is wielding a +0 trident.
The wight hits you from afar with a +0 halberd!
The foxfire hits the wight but does no damage.
The wight is heavily damaged.
The foxfire hits the wight.
The wight is severely damaged.
The wight hits you with a +0 halberd!
A wight comes into view. It is wielding a +0 scimitar.
You closely miss the wight.
The wight is severely damaged.
The wight hits you with a +0 halberd!
You hit the wight.
The wight is almost destroyed.
The wight hits you with a +0 halberd!
* * * LOW HITPOINT WARNING * * *
Unknown command.
The wight attacks as you move away! The wight misses you.
The wight hits you from afar with a +0 halberd!
You die...

.....................##.....
............................
.................#.......#..
...............###.....####. ..
.......z.........#....## #. .#
.)....z†...............####. .#
######..................### .#
##..z..........#......# .#
#.....@........###..... .#
##.............## ###... .#
##...............# ###. .#
##................# #.. .#
##.................# #..
.######..............)...# ##...
.........................####....
....................)............
.##....#####......)..............


You could see 3 wights.

Vanquished Creatures
  A black bear (D:4)
  An ogre (D:4)
  A hound (D:2)
  An orc priest (D:4)
  An iguana (D:4)
  Jessica (D:3)
  2 orc wizards (D:4)
  5 adders
  5 orcs (D:4)
  5 ball pythons
  8 endoplasms
  3 giant cockroaches
  5 goblins
  7 hobgoblins
  2 jackals (D:1)
  6 kobolds
  4 quokkas
  6 bats
  4 frilled lizards
  9 rats
77 creatures vanquished.

Vanquished Creatures (others)
  204 foxfires
204 creatures vanquished.

Grand Total: 281 creatures vanquished

Notes
Turn   | Place    | Note
-------+----------+-------------------------------------------
     0 | D:1      | funkygono the Gargoyle Fire Elementalist began the quest
                  | for the Orb.
     0 | D:1      | Reached XP level 1. HP: 10/10 MP: 3/3
   464 | D:1      | Reached XP level 2. HP: 15/15 MP: 1/5
   467 | D:1      | Learned a level 2 spell: Scorch
   828 | D:1      | Found Lurphe's Assorted Antiques.
  1100 | D:1      | Reached XP level 3. HP: 19/19 MP: 4/6
  1578 | D:2      | Reached XP level 4. HP: 11/24 MP: 0/8
  1632 | D:2      | Reached skill level 1 in Fighting
  2194 | D:2      | Learned a level 4 spell: Flame Wave
  2295 | D:1      | Bought a pair of gloves for 94 gold pieces
  2586 | D:3      | Noticed Jessica
  2590 | D:3      | Killed Jessica
  2591 | D:3      | Reached XP level 5. HP: 29/29 MP: 2/9
  3329 | D:3      | Learned a level 3 spell: Conjure Flame
  3931 | D:4      | Reached XP level 6. HP: 34/34 MP: 2/11
  4089 | D:4      | Reached skill level 1 in Maces & Flails
  4209 | D:4      | Noticed a black bear
  4218 | D:4      | Killed a black bear
  4219 | D:4      | Reached XP level 7. HP: 38/38 MP: 3/13
  4226 | D:4      | Slain by a wight

Illustrated notes

Levels and vault maps discovered:
D:1:      dpeg_arrival_shrine, layout_loops_ring, serial_shops,
          nicolae_shop_hallway_plus
D:2:      layout_rooms
D:3:      layout_basic, minivault_23, minmay_pentangle, uniq_jessica
D:4:      layout_layer_cave, chequers_serial_rivers_micro_c

Skill      XL: |  1  2  3  4  5  6 |
---------------+-------------------+-----
Dodging        | 2 |  2.2
Fighting       | 1 |  1.2
Spellcasting   | 3 4 |  4.1
Fire Magic     | 4 |  4.9
Conjurations   | 2 |  2.9
Stealth        | 3 |  3.2
Maces & Flails | 1 |  1.0

Action                   |  1- 3 |  4- 6 |  7- 9 || total
-------------------------+-------+-------+-------++-------
Melee: Club              |    49 |     2 |       ||    51
       Unarmed           |     2 |       |       ||     2
       Whip              |       |    34 |     2 ||    36
       Punch             |       |     2 |       ||     2
 Cast: Foxfire           |    42 |    78 |     3 ||   123
       Scorch            |     2 |    10 |       ||    12
  Use: Scroll            |       |    11 |       ||    11
Armor: Robe              |    32 |    18 |       ||    50
Dodge: Dodged            |    52 |    38 |     1 ||    91
